 Dungeon Crawl Stone Soup version 0.28.0-47-ge53b351184 (webtiles) character file.

Game seed: 13230264884001570784

933 bobregger the Basher (level 8, -3/175 HPs)
             Began as an Ogre Berserker on May 5, 2022.
             Was a Believer of Trog.
             Slain by a killer bee (7 damage)
             ... on level 4 of the Dungeon.
             The game lasted 00:04:57 (4249 turns).

bobregger the Basher (Ogre Berserker)               Turns: 4249, Time: 00:04:57

Health: -3/175     AC: 24    Str: 28    XL:     8   Next: 11%
Magic:  8/8        EV:  1    Int:  8    God:    Trog [**....]
Gold:   158        SH:  0    Dex: 10    Spells: 7/7 levels left

rFire   . . .      SeeInvis .   a - +0 mace
rCold   . . .      Faith    .   (no shield)
rNeg    . . .      Spirit   .   (armour currently unavailable)
rPois   +          Reflect  .   (helmet currently unavailable)
rElec   .          Harm     .   (cloak currently unavailable)
rCorr   .          Rampage  .   (gloves unavailable)
Will    ++...      NoTele   +   (boots unavailable)
Stlth   ..........              l - amulet of regeneration
HPRegen 2.19/turn               h - +6 ring of strength
MPRegen 0.11/turn               (no ring)

@: berserking (expiring), lethally poisoned (-3 -> -4), tree-form,
strong-willed, regenerating, very quick
A: stationary, stasis, torment immunity, boosted hp, large, unfitting armour,
(tough skin 1)
a: Renounce Religion, Berserk, Trog's Hand


You were on level 4 of the Dungeon.
You worshipped Trog.
Trog was pleased with you.
You were a tree.
You visited 1 branch of the dungeon, and saw 5 of its levels.

You collected 158 gold pieces.

Inventory:

Hand Weapons
 a - a +0 mace (weapon)
Armour
 b - a +0 animal skin (melded)
Jewellery
 h - a +6 ring of strength (left branch)
 l - an amulet of regeneration (around neck)
Scrolls
 c - 2 scrolls of teleportation {unknown}
 e - a scroll of noise {unknown}
 f - a scroll of holy word {unknown}
 k - a scroll of silence {unknown}
 m - a scroll of blinking {unknown}
Potions
 d - a potion of lignification
 g - a potion of ambrosia {unknown}
 i - 4 potions of flight
 p - a potion of magic {unknown}


   Skills:
 - Level 4.0 Fighting
 + Level 8.8 Maces & Flails
 - Level 2.6 Dodging


You had 7 spell levels left.
You didn't know any spells.
Your spell library was empty.

Dungeon Overview and Level Annotations

Branches:
Dungeon (5/15)             Temple (0/1) D:5

Altars:
Elyvilon

Shops:
D:4 [


Innate Abilities, Weirdness & Mutations

You are a tree.
Your roots penetrate the ground, keeping you stationary.
You cannot be teleported.
You are immune to unholy pain and torment.
Your maximum health is greatly increased.
Your equipment is partially melded.
You are too large for most types of armour.
((You have tough skin. (AC +1)))


Message History

* * * LOW HITPOINT WARNING * * *
You are more poisoned.
The killer bee poisons you!
You barely miss the killer bee.
The killer bee is almost dead.
You feel sick.
The killer bee stings you but does no damage. x3
You closely miss the killer bee.
The killer bee is almost dead.
You feel sick.
The killer bee stings you but does no damage. x2
You completely miss the killer bee.
The killer bee is almost dead.
You feel sick. The killer bee stings you.
* * * LOW HITPOINT WARNING * * *
The killer bee stings you but does no damage. x2
You miss the killer bee.
The killer bee is almost dead.
You feel sick.
The killer bee stings you but does no damage. x2
You closely miss the killer bee.
The killer bee is almost dead.
You feel sick.
The killer bee stings you but does no damage. x3
You closely miss the killer bee.
The killer bee is almost dead.
You feel sick.
The killer bee stings you but does no damage. x3
You completely miss the killer bee.
The killer bee is almost dead.
You feel sick.
The killer bee stings you but does no damage.
The killer bee stings you.
* * * LOW HITPOINT WARNING * * *
You cannot move.
You miss the killer bee.
The killer bee is almost dead.
The killer bee stings you but does no damage.
The killer bee stings you!
You die...

#.# #.....#..# #.# #.#
#####...#### #.# ..#
##.#...# #.# ### #.#...#
#.# # ##.....#####.#
############.........##†#
##...................##.#
##.#########....y....##.#
##<# ####.♣.#####.# ##.#
#..y# #.# ##.# #...# #.#
##.# ##### #.# #.### #.#
#...# #.# ###.# #.# #†#
###.# #.# #...#


You could see 2 killer bees.

Vanquished Creatures
  Prince Ribbit (D:4)
  A necrophage (D:4)
  2 ogres
  A phantom (D:4)
  A water moccasin skeleton (D:4)
  A centaur zombie (D:5)
  An orc priest (D:4)
  A centaur skeleton (D:4)
  2 iguanas (D:4)
  2 orc wizards
  A hound zombie (D:5)
  5 gnolls
  2 adders
  An ufetubus (D:4)
  An adder zombie (D:5)
  2 dart slugs
  15 orcs
  7 endoplasms
  2 giant cockroaches
  5 goblins
  4 hobgoblins
  2 jackals (D:2)
  3 quokkas
  4 ball pythons
  5 bats
  5 kobolds
  7 rats
84 creatures vanquished.

Notes
Turn   | Place    | Note
-------+----------+-------------------------------------------
     0 | D:1      | bobregger the Ogre Berserker began the quest for the Orb.
     0 | D:1      | Reached XP level 1. HP: 24/24 MP: 1/1
   124 | D:1      | Reached skill level 3 in Maces & Flails
   418 | D:1      | Reached XP level 2. HP: 32/32 MP: 2/2
   479 | D:1      | Found a faded altar of an unknown god.
  1226 | D:2      | Reached XP level 3. HP: 35/39 MP: 3/3
  1482 | D:2      | Reached skill level 4 in Maces & Flails
  1652 | D:2      | Reached ** piety under Trog
  1874 | D:3      | Reached XP level 4. HP: 48/48 MP: 4/4
  1966 | D:3      | Found a white marble altar of Elyvilon.
  2770 | D:4      | Reached skill level 5 in Maces & Flails
  2773 | D:4      | Reached XP level 5. HP: 52/54 MP: 5/5
  2951 | D:4      | Noticed an ogre
  2960 | D:4      | Killed an ogre
  3016 | D:4      | Found Geopiggu's Armour Emporium.
  3066 | D:4      | Reached skill level 6 in Maces & Flails
  3066 | D:4      | Reached XP level 6. HP: 51/62 MP: 6/6
  3534 | D:4      | Noticed a necrophage
  3544 | D:4      | Killed a necrophage
  3545 | D:4      | Reached skill level 7 in Maces & Flails
  3545 | D:4      | Reached XP level 7. HP: 70/70 MP: 7/7
  3943 | D:5      | Entered Level 5 of the Dungeon
  3947 | D:5      | Noticed Prince Ribbit
  3986 | D:4      | Killed Prince Ribbit
  3987 | D:4      | Reached skill level 8 in Maces & Flails
  4156 | D:5      | Reached XP level 8. HP: 78/78 MP: 8/8
  4194 | D:5      | Found a staircase to the Ecumenical Temple.
  4241 | D:4      | HP: 8/175 [killer bee (3)]
  4244 | D:4      | HP: 3/175 [killer bee (4)]
  4249 | D:4      | Slain by a killer bee

Illustrated notes

Levels and vault maps discovered:
D:1:      dpeg_arrival_rhombus, layout_loops_corners,
          shapermc_ecumenical_altar_acropolis
D:2:      layout_rooms, cheibrodos_gnoll_hut
D:3:      layout_basic, elyvilon_altar_5
D:4:      layout_loops_ring, serial_shops, nicolae_shop_waterfront,
          minmay_cut_off
D:5:      layout_cave_pools, grunt_dithmenos_smoke,
          minmay_temple_entry_butterflies, uniq_duvessa, uniq_prince_ribbit1

Skill      XL: |  1  2  3  4  5  6  7 |
---------------+----------------------+-----
Maces & Flails | 3 4 5 6 7 8 |  8.8
Fighting       | |  4.0
Dodging        | |  2.6

Action                   |  1- 3 |  4- 6 |  7- 9 || total
-------------------------+-------+-------+-------++-------
Melee: Mace              |    80 |    97 |   101 ||   278
       Punch             |       |     2 |       ||     2
Invok: Berserk           |     2 |     5 |     3 ||    10
       Trog's Hand       |     1 |     2 |     3 ||     6
  Use: Scroll            |       |       |     5 ||     5
       Potion            |       |       |     5 ||     5
Armor: Animal skin       |    32 |    23 |    42 ||    97
       Skin              |       |       |    60 ||    60
Dodge: Dodged            |    54 |    53 |    68 ||   175
